AoeStats
← catchchez

Arabia

504406910Analyzed
1v1 RM · 29d ago on Sep 5, 2026· 34m 7s· 2 players
Game mode
Random Map
Map size
Tiny (2 player)
Population
200
Speed
Normal
Resources
Standard
Victory
Conquest
Starting age
Dark Age
Ending age
Imperial Age
RankedLock teamsTeams togetherTeam positionsShared explorationLock speedFull tech treeHidden civsTurbo modeCheats
Victory
Defeat
🇮🇳 Berbers · India
735
+16
🇧🇷 Khitans · Brazil
731
-16
MatMarra
10:13 Feudal Age
11:02 Domestication
11:10 Double-Bit Axe
19:17 Castle Age
19:52 Forging
19:43 Scale Mail Armor
24:28 Stone Mining
24:31 Gold Mining
24:57 Bow Saw
24:55 Pastoralism
30:49 Ballistics
31:09 Ballistics
35:44 Imperial Age
catchchez
2:16 Loom
10:35 Feudal Age
13:06 Double-Bit Axe
21:11 Castle Age
19:16 Horse Collar
22:03 Fletching
22:29 Bow Saw
27:31 Bodkin Arrow
Connection lost

Rejoining the realm…

Still unreachable

The connection could not be restored.

Session expired

The server has moved on; the page needs a fresh start.